 Dungeon Crawl Stone Soup version 0.29-a0-473-gacb4ef3bc5 (webtiles) character file.

Game seed: 13426889152791913864

409 Bruhh the Skirmisher (level 6, -2/65 HPs)
             Began as an Ogre Transmuter on May 23, 2022.
             Slain by a phantom (3 damage)
             ... on level 4 of the Dungeon.
             The game lasted 00:05:53 (5527 turns).

Bruhh the Skirmisher (Ogre Transmuter)              Turns: 5527, Time: 00:05:54

Health: -2/65      AC:  2    Str: 15    XL:     6   Next: 89%
Magic:  1/13       EV: 18    Int: 16    God:
Gold:   212        SH:  0    Dex: 14    Spells: 10/14 levels left

rFire   + . .      SeeInvis .     - Unarmed
rCold   + . .      Faith    .   (shield currently unavailable)
rNeg    . . .      Spirit   .   (body armour currently unavailable)
rPois   .          Reflect  .   (helmet currently unavailable)
rElec   +          Harm     .   (cloak currently unavailable)
rCorr   +          Rampage  .   (gloves unavailable)
Will    .....                   (boots unavailable)
Stlth   +.........              (no amulet)
HPRegen 0.20/turn               (no ring)
MPRegen 0.13/turn               (no ring)

@: mighty, spider-form, resistant, attractive, flying, very slightly
contaminated
A: venomous fangs, tiny, unfitting armour, (tough skin 1)
a: End Transformation


You were on level 4 of the Dungeon.
You were a venomous arachnid creature.
You visited 1 branch of the dungeon, and saw 4 of its levels.

You collected 212 gold pieces.

Inventory:

Missiles
 j - 2 throwing nets
 k - 3 large rocks
Armour
 a - a +0 robe (melded)
Jewellery
 r - a ring of ice
Wands
 v - a wand of charming (2)
Scrolls
 c - 7 scrolls of identify {unknown}
 d - 2 scrolls of magic mapping {unknown}
 f - 3 scrolls of teleportation {unknown}
 h - 4 scrolls of vulnerability {unknown}
 o - 2 scrolls of blinking {unknown}
 p - 2 scrolls of enchant armour {unknown}
 s - a scroll of immolation {unknown}
 t - 2 scrolls of fear {unknown}
Potions
 b - 2 potions of lignification
 e - a potion of haste {unknown}
 g - a potion of resistance
 i - 2 potions of attraction
 l - a potion of flight
 m - a potion of might
 n - a potion of heal wounds {unknown}
 q - a potion of degeneration {unknown}
 u - a potion of brilliance {unknown}
 w - 2 potions of curing {unknown}


   Skills:
 + Level 4.8 Fighting
 - Level 1.7 Dodging
 + Level 4.2 Unarmed Combat
 + Level 4.7 Spellcasting
 - Level 3.0 Transmutations


You had 10 spell levels left.
You knew the following spells:

 Your Spells              Type           Power      Damage    Failure   Level
a - Beastly Appendage     Tmut           26%        N/A       14%         1
b - Spider Form           Tmut/Pois      8%         N/A       47%         3

Your spell library contained the following spells:

 Spells                   Type           Power      Damage    Failure   Level
 Wereblood                Tmut           13%        N/A       19%         2
 Magic Dart               Conj           12%        1d3       34%         1
 Call Imp                 Summ           3%         N/A       45%         2
 Sublimation of Blood     Necr           3%         N/A       45%         2
 Mephitic Cloud           Conj/Pois/Air  3%         N/A       65%         3
 Ice Form                 Ice/Tmut       8%         N/A       82%         4
 Petrify                  Tmut/Erth      8%         N/A       82%         4
 Irradiate                Conj/Tmut      4%         3d14      98%         5


Dungeon Overview and Level Annotations

Branches:
Dungeon (4/15)
 Temple: D:4-7

Altars:


Innate Abilities, Weirdness & Mutations

You are a venomous arachnid creature.
You have poisonous fangs.
You are tiny and dextrous.
Your spellcasting is less reliable in this form.
Your armour is entirely melded.
You are incapable of wielding weapons or throwing items.
You are too large for most types of armour.
((You have tough skin. (AC +1)))


Message History

The phantom is lightly damaged.
The phantom hits you.
Casting: Spider Form (dangerous; 26% risk of failure)
Confirm with . or Enter, or press ? or * to list all spells.
You miscast Spider Form.
You are lightly contaminated with residual magic.
You feel rather nauseous for a moment!
You are poisoned.
You feel sick. The phantom completely misses you.
Casting: Spider Form (dangerous; 26% risk of failure)
Confirm with . or Enter, or press ? or * to list all spells.
You turn into a venomous arachnid creature.
Your +0 robe melds into your body.
You feel sick. The phantom misses you.
Unknown command.
You hit the phantom.
The phantom is lightly damaged.
You feel sick. The phantom hits you.
* * * LOW HITPOINT WARNING * * *
The phantom blinks!
You blink.
You feel sick.
You are no longer poisoned.
The phantom misses you. The phantom completely misses you.
It was a potion of attraction.
You feel attractive to monsters. The phantom hits you.
* * * LOW HITPOINT WARNING * * *
The phantom blinks!
You blink.
It was a potion of resistance.
You feel protected. The phantom hits you.
* * * LOW HITPOINT WARNING * * *
It was a potion of flight.
You feel very buoyant.
You fly up into the air.
The phantom hits you.
* * * LOW HITPOINT WARNING * * *
It was a potion of might.
You feel very mighty all of a sudden. The phantom hits you.
You die...

### .....##
#####.##......#
##..(..#......#
#..W.........#
##.s........###
#.............#####
#...............#.##
#.................#.
#...................
#.....?......)...†##
##.>...........)<)..
#...#...........##.
#..#####.#.#....##.


You could see a phantom.

Vanquished Creatures
  A phantom (D:4)
  A necrophage (D:4)
  A jelly (D:4)
  Terence (D:3)
  3 orc wizards
  3 gnolls
  4 adders
  A worm (D:3)
  4 dart slugs
  4 orcs
  5 endoplasms
  2 giant cockroaches (D:2)
  6 goblins
  8 hobgoblins
  7 kobolds
  3 quokkas
  5 ball pythons
  6 bats
  2 frilled lizards (D:3)
  2 rats (D:2)
69 creatures vanquished.

Vanquished Creatures (others)
  5 plants (D:1)
5 creatures vanquished.

Grand Total: 74 creatures vanquished

Notes
Turn   | Place    | Note
-------+----------+-------------------------------------------
     0 | D:1      | Bruhh the Ogre Transmuter began the quest for the Orb.
     0 | D:1      | Reached XP level 1. HP: 19/19 MP: 3/3
    57 | D:1      | Reached XP level 2. HP: 13/28 MP: 3/5
   633 | D:1      | Found a faded altar of an unknown god.
   972 | D:1      | Reached XP level 3. HP: 31/35 MP: 5/7
  1819 | D:2      | Reached XP level 4. HP: 44/44 MP: 6/8
  3307 | D:2      | Learned a level 3 spell: Spider Form
  3620 | D:3      | Reached XP level 5. HP: 53/53 MP: 8/10
  3662 | D:3      | Noticed Terence
  3672 | D:3      | Killed Terence
  4354 | D:4      | Reached XP level 6. HP: 55/62 MP: 10/12
  5525 | D:4      | HP: 3/65 [phantom (6)]
  5526 | D:4      | HP: 1/65 [phantom (2)]
  5527 | D:4      | Slain by a phantom

Illustrated notes

Levels and vault maps discovered:
D:1:      minmay_arrival_loop, layout_basic, dilly_ecumenical_altar_fadedgnrine
D:2:      layout_basic
D:3:      layout_loops_ring, uniq_terence
D:4:      layout_cave_pools, chequers_serial_rivers_micro_e,
          minmay_misc_feat_columns

Skill      XL: |  1  2  3  4  5  6 |
---------------+-------------------+-----
Transmutations | 2 3 |  3.0
Fighting       | 2 3 4 |  4.8
Unarmed Combat | 3 4 |  4.2
Spellcasting   | 3 4 |  4.7
Dodging        | |  1.7

Action                   |  1- 3 |  4- 6 || total
-------------------------+-------+-------++-------
Melee: Unarmed           |   113 |   133 ||   246
       Kick              |    16 |    14 ||    30
       Headbutt          |    14 |    12 ||    26
       Punch             |     2 |     3 ||     5
 Cast: Beastly Appendage |    25 |    22 ||    47
       Spider Form       |       |     7 ||     7
  Use: Potion            |       |     4 ||     4
Armor: Robe              |    51 |    22 ||    73
       Skin              |       |     2 ||     2
Dodge: Dodged            |    60 |    63 ||   123

Table legend: (Time is in decaauts)
 A = Elapsed time spent in this place.
 B = Non-inter-level travel time spent in this place.
 C = Inter-level travel time spent in this place.
 D = Time resting spent in this place.
 E = Time spent auto-exploring this place.
 F = Levels seen in this place.
 G = Mean time per level.
                   A        B        C        D        E       F      G
               +--------+--------+--------+--------+--------+-----+--------+
         Total |   5516 |   5393 |    123 |   1872 |   2753 |   4 | 1379.0 |
       Dungeon |   5516 |   5393 |    123 |   1872 |   2753 |   4 | 1379.0 |
               +--------+--------+--------+--------+--------+-----+--------+

Top non-repeatable levels by time:
     D:3: 1851 daAuts
     D:2: 1687 daAuts
     D:1: 1454 daAuts
     D:4: 524 daAuts
